Map: Eternal Empire LE

Players

Astrea - Winner!

  • Race: Protoss Protoss
  • League: Grandmaster
  • Spawn Location: 1:00

thermostaat (uThermal)

  • Race: Terran Terran
  • Spawn Location: 7:00

Event: Cheeseadelphia XI, Cheeseadelphia XI

VOD

Have the link to the VOD?

Description

Time

  • Played on: Dec. 15, 2019, 3:26 p.m.
  • Length: 12:48

All games in this series

Show
View Real Time Build Order
Export as new Build Order

Astrea Protoss - Winner!

Build Orders: Phoenix Opening, Colossus Rush 

Get SALT Encoding   

  12  0:00  Probe  
  13  0:12  Probe  
  14  0:17  Pylon  
  14  0:24  Probe (Chrono Boost)  
  15  0:37  Probe (Chrono Boost)  
  15  0:38  Gateway  
  16  0:44  Probe (Chrono Boost)  
  16  0:48  Assimilator  
  17  0:51  Probe  
  18  1:03  Probe  
  19  1:09  Pylon  
  19  1:15  Probe  
  20  1:26  Cybernetics Core  
  20  1:27  Gateway  
  20  1:32  Probe  
  21  1:48  Nexus  
  21  1:49  Probe  
  22  1:54  Assimilator  
  22  2:02  Probe  
  22  2:03  Stalker (Chrono Boost)  
  25  2:10  Warp Gate (Chrono Boost)  
  25  2:14  Probe  
  25  2:26  Probe, Sentry  
  28  2:33  Pylon  
  28  2:38  Probe  
  29  2:48  Gateway x2  
  29  2:51  Probe  
  30  2:59  Stalker  
  30  3:02  Probe  
  33  3:05  Phoenix, Probe  
  34  3:16  Probe  
  35  3:20  Probe  
  36  3:28  Probe  
  36  3:32  Probe  
  38  3:40  Probe  
  39  3:45  Probe  
  39  3:46  Stalker x3  
  46  3:49  Pylon  
  46  3:52  Probe  
  47  3:55  Robotics Facility  
  47  3:57  Probe (Chrono Boost)  
  48  4:07  Probe (Chrono Boost)  
  48  4:09  Probe (Chrono Boost)  
  50  4:10  Pylon  
  50  4:16  Probe (Chrono Boost), Assimilator  
  52  4:17  Probe (Chrono Boost)  
  52  4:19  Assimilator  
  52  4:22  Probe  
  52  4:23  Probe  
  54  4:34  Probe (Chrono Boost)  
  54  4:36  Probe (Chrono Boost)  
  54  4:37  Stalker  
  58  4:46  Observer, Probe (Chrono Boost)  
  58  4:49  Robotics Bay  
  61  4:53  Probe (Chrono Boost)  
  61  4:54  Probe (Chrono Boost)  
  61  4:57  Nexus  
  62  5:11  Pylon  
  62  5:17  Pylon  
  62  5:24  Forge x2  
  62  5:25  Twilight Council  
  62  5:28  Probe  
  62  5:29  Probe, Sentry  
  62  5:33  Colossus (Chrono Boost)  
  66  5:36  Probe  
  66  5:40  Pylon  
  66  5:41  Extended Thermal Lance, Probe  
  74  5:43  Sentry  
  74  5:44  Probe  
  77  5:53  Probe  
  77  5:54  Observer  
  78  5:58  Probe  
  78  5:59  Protoss Ground Weapons Level 1 (Chrono Boost), Protoss Ground Armor Level 1 (Chrono Boost)  
  79  6:05  Probe  
  79  6:07  Charge  
  79  6:10  Pylon, Probe x2  
  82  6:18  Probe  
  83  6:19  Colossus  
  83  6:22  Probe x2  
  91  6:27  Zealot x3  
  91  6:32  Templar Archives  
  97  6:34  Pylon, Probe x2  
  99  6:41  Observer  
  99  6:45  Gateway  
  99  6:47  Gateway  
  99  6:48  Gateway  
  99  6:49  Zealot  
  99  6:52  Zealot  
  99  6:53  Zealot  
  105  6:57  Pylon  
  105  7:00  Photon Cannon  
  105  7:01  Shield Battery  
  105  7:11  Colossus (Chrono Boost)  
  111  7:16  Pylon  
  111  7:20  Zealot x3  
  117  7:37  Pylon  
  117  7:38  Pylon  
  117  7:40  High Templar  
  117  7:41  Zealot x4  
  117  7:42  Zealot  
  129  7:44  Blink (Chrono Boost)  
  129  7:50  Nexus  
  129  7:54  Warp Prism (Chrono Boost)  
  131  8:06  Pylon  
  131  8:10  Psionic Storm  
  131  8:11  Probe  
  131  8:12  Protoss Ground Weapons Level 2 (Chrono Boost)  
  134  8:13  Assimilator  
  134  8:16  Assimilator  
  134  8:18  Zealot x5  
  134  8:19  Protoss Ground Armor Level 2 (Chrono Boost)  
  142  8:28  Colossus (Chrono Boost)  
  148  8:39  Zealot x5  
  120  8:50  Zealot  
  110  9:08  High Templar x3  
  110  9:09  Warp Prism (Chrono Boost), Zealot x2  
  120  9:10  Probe x2  
  124  9:17  Zealot  
  124  9:20  Nexus  
  124  9:21  Pylon  
  126  9:42  Stalker x6  
  134  9:49  Probe  
  135  9:54  Probe x2  
  137  10:01  Probe  
  138  10:08  High Templar, Gateway, Zealot x5  
  138  10:09  Gateway x2  
  150  10:14  Pylon  
  150  10:15  Probe  
  150  10:16  Probe x2  
  153  10:28  Probe x2  
  145  10:37  Probe x2  
  145  10:39  Stalker x5  
  135  10:44  Archon  
  135  10:46  Warp Prism (Chrono Boost)  
  121  10:51  Probe x4  
  121  10:54  Stalker x6  
  137  11:06  Probe  
  138  11:12  Zealot x3  
  138  11:25  Zealot x6  
  138  11:28  Colossus  
  138  11:34  High Templar x2, Zealot  
  144  11:40  Archon  
  144  11:45  Zealot x6  
  154  11:59  High Templar  
  156  12:03  Zealot x4  
  156  12:05  Zealot x2  
  156  12:06  Zealot x2  
  170  12:20  Zealot  
  172  12:30  Pylon  
  172  12:31  Pylon  
  172  12:33  Pylon, Zealot  
  172  12:34  Pylon, Zealot  
  172  12:36  Pylon  
Show
View Real Time Build Order
Export as new Build Order

thermostaat Terran 

Build Orders: Reaper Expand 

Get SALT Encoding   

  12  0:01  SCV  
  13  0:13  SCV  
  14  0:17  Supply Depot  
  14  0:25  SCV  
  15  0:39  SCV  
  15  0:41  Barracks  
  16  0:43  Refinery  
  16  0:51  SCV  
  17  1:03  SCV  
  18  1:15  SCV  
  19  1:29  Orbital Command, Reaper  
  20  1:40  Command Center  
  20  1:53  Supply Depot  
  20  1:55  SCV  
  21  2:01  Marine  
  21  2:07  SCV  
  23  2:13  Factory  
  23  2:19  SCV  
  23  2:20  Barracks Reactor  
  24  2:23  Bunker  
  24  2:31  SCV, Refinery  
  25  2:44  SCV  
  26  2:52  Orbital Command  
  26  2:56  SCV, Marine x2  
  29  3:00  Starport  
  29  3:04  Widow Mine  
  31  3:08  SCV  
  32  3:14  Marine  
  33  3:20  SCV x2  
  33  3:21  Marine  
  33  3:26  Widow Mine  
  37  3:32  SCV x2, Marine  
  40  3:37  Supply Depot, Medivac  
  40  3:39  Marine  
  40  3:40  Refinery  
  43  3:44  SCV  
  43  3:47  Factory Tech Lab  
  44  3:49  SCV  
  44  3:50  Marine  
  46  3:58  SCV, Marine  
  46  3:59  Supply Depot  
  48  4:03  SCV  
  48  4:08  Supply Depot  
  49  4:10  SCV  
  49  4:11  Factory Tech Lab, Marine  
  49  4:15  Raven, SCV  
  54  4:19  Marine  
  54  4:23  SCV  
  54  4:27  SCV  
  54  4:31  Siege Tank  
  58  4:33  Marine  
  58  4:35  SCV  
  58  4:37  Marine  
  61  4:39  SCV  
  62  4:49  SCV  
  62  4:50  Command Center  
  62  4:51  SCV  
  64  4:55  Supply Depot, Marine  
  65  5:01  SCV  
  65  5:02  Barracks  
  65  5:05  Siege Tank  
  67  5:07  Marine  
  67  5:09  SCV  
  67  5:12  Marine  
  70  5:14  SCV  
  70  5:16  Starport Tech Lab  
  70  5:17  Barracks  
  69  5:23  SCV  
  69  5:25  Marine  
  72  5:30  Engineering Bay  
  72  5:31  Engineering Bay, Marine  
  72  5:37  Siege Tank  
  72  5:41  Barracks  
  72  5:42  Barracks, Starport Reactor  
  75  5:43  Marine  
  75  5:46  Supply Depot  
  75  5:49  Stimpack, Marine  
  77  5:54  Supply Depot  
  77  5:55  Marine  
  78  5:57  Terran Infantry Weapons Level 1, Terran Infantry Armor Level 1  
  78  6:03  Orbital Command  
  78  6:07  Marine  
  79  6:11  Combat Shield  
  79  6:12  Marauder  
  79  6:14  Marine x2  
  79  6:17  Refinery  
  79  6:18  Factory Reactor  
  83  6:19  Medivac  
  83  6:21  SCV  
  83  6:24  Supply Depot  
  86  6:27  Medivac  
  86  6:30  Marine  
  86  6:31  Marine x2  
  86  6:32  Marine  
  92  6:33  SCV  
  93  6:42  SCV  
  93  6:44  Orbital Command  
  93  6:46  Supply Depot  
  94  6:49  Barracks Reactor, Marine x2, Barracks Tech Lab  
  94  6:51  Marauder, Marine  
  99  6:55  Widow Mine x2  
  99  6:56  Supply Depot  
  99  6:58  Medivac  
  105  7:06  Supply Depot, Medivac  
  105  7:07  Marine  
  105  7:08  Marine x2  
  109  7:11  Marine  
  111  7:17  SCV x2  
  111  7:18  Supply Depot, Concussive Shells  
  111  7:19  Marine  
  113  7:24  Widow Mine  
  113  7:25  Widow Mine  
  113  7:28  Medivac  
  113  7:29  Marine x3  
  122  7:31  Marine  
  122  7:32  Marine  
  122  7:34  Marine  
  125  7:37  Marine  
  125  7:38  Supply Depot  
  125  7:40  Medivac  
  127  7:47  Marine x2  
  127  7:50  Widow Mine  
  127  7:51  Marauder  
  133  7:52  Marine x2  
  133  7:53  Marauder  
  133  7:55  Marine  
  138  8:04  Marine  
  138  8:05  Marine  
  138  8:10  Marine x2  
  138  8:12  Marauder  
  142  8:13  Marine  
  142  8:14  Marauder  
  145  8:22  Marine  
  145  8:24  Marine  
  147  8:28  Marine  
  147  8:31  Marauder  
  147  8:32  Marine  
  147  8:33  Marauder  
  153  8:35  Marauder  
  153  8:40  Marine  
  149  8:41  Marine  
  149  8:46  Marine  
  134  8:50  Marine  
  134  8:52  Marine  
  134  8:54  Marine  
  120  8:56  Marine  
  120  9:01  SCV  
  120  9:02  SCV  
  117  9:03  SCV  
  117  9:14  SCV x2, Marauder  
  121  9:27  Viking  
  121  9:31  Viking  
  125  9:34  Marauder, Marine  
  125  9:37  Marauder  
  125  9:38  Marine  
  130  9:41  Marine  
  130  9:42  Marauder  
  133  9:47  Siege Tank  
  136  9:56  Marauder  
  136  9:57  Viking  
  136  9:59  Starport  
  130  10:00  Marine x2  
  130  10:01  Viking, Marine x2  
  130  10:04  SCV, Refinery  
  130  10:05  SCV  
  130  10:08  SCV  
  130  10:09  Refinery  
  130  10:10  Marine  
  130  10:11  Marine  
  133  10:16  SCV  
  133  10:17  SCV, Marine x2  
  133  10:20  SCV  
  137  10:25  Marine  
  138  10:29  Viking, Marauder  
  138  10:30  Marine x2  
  138  10:31  Viking  
  138  10:34  Marine  
  138  10:35  Marauder  
  147  10:42  Marine  
  130  10:48  Marine x2  
  127  10:50  Marauder  
  127  10:51  Viking  
  127  10:52  Marauder, Marine  
  127  10:56  Marauder  
  136  10:59  Viking  
  136  11:00  Marine  
  139  11:05  Marine  
  139  11:06  Marine  
  139  11:10  Marine  
  140  11:11  Marine  
  140  11:13  Marine  
  140  11:18  Marauder  
  135  11:23  Marine  
  116  11:26  Marine  
  116  11:29  Marauder, Marine  
  120  11:33  Viking x2  
  127  11:40  Siege Tank  
  127  11:41  Marine  
  127  11:43  Marine  
  127  11:46  Marine  
  130  11:48  Marine  
  130  11:50  Marine  
  132  11:54  Marine x2  
  134  12:05  Marine  
  136  12:08  Marauder  
  136  12:13  Marauder  
  136  12:15  Marauder, Marine x2  
  138  12:16  Marine  
  139  12:22  Marine  
  139  12:29  Marine  
Tags
 
Add a new tag
Caveats
  • Supply blocks, unpowered buildings, or Contaminate may cause inaccurate times.
  • Supply counts are checked every 10 seconds.